 Dungeon Crawl Stone Soup version 0.17-a0-1262-gd250d98 (webtiles) character file.

863 kidanger the Ruffian (level 7, -3/68 HPs)
             Began as a Troll Monk on June 6, 2015.
             Was a Priest of Nemelex Xobeh.
             Succumbed to Chiseanne's ghost's poison
             ... on level 5 of the Dungeon.
             The game lasted 00:12:12 (3350 turns).

kidanger the Ruffian (Troll Monk)                   Turns: 3350, Time: 00:12:12

Health: -3/68      AC:  9    Str: 22    XL:     7   Next: 72%
Magic:  6/6        EV: 12    Int:  6    God:    Nemelex Xobeh [***...]
Gold:   247        SH:  0    Dex: 12    Spells: 0 memorised, 6 levels left

rFire  . . .     SeeInvis .     e - +2 quarterstaff (chaos)
rCold  . . .     Clarity  .     a - +2 robe
rNeg   . . .     SustAt   .     (no shield)
rPois  .         Gourm    +     (helmet restricted)
rElec  .         Spirit   .     k - +1 cloak
rCorr  .         Warding  .     (gloves unavailable)
rMut   .         Stasis   .     (boots unavailable)
MR     .....                    (no amulet)
Stlth  +.........               (no ring)
                                (no ring)

@: lethally poisoned (-3 -> -40), glowing, not resistant to hostile
enchantments, very unstealthy
A: unfitting armour, claws 3, fast metabolism 3, gourmand, regeneration 2,
shaggy fur 1, tough skin 2
a: Triple Draw, Renounce Religion


You were on level 5 of the Dungeon.
You worshipped Nemelex Xobeh.
Nemelex Xobeh was most pleased with you.
You were very full.

You visited 2 branches of the dungeon, and saw 6 of its levels.

You collected 247 gold pieces.

Inventory:

Hand weapons
 e - a +2 quarterstaff of chaos (weapon)
Armour
 a - a +2 robe (worn)
 k - a +1 cloak (worn)
Jewellery
 i - an uncursed ring of ice
 s - an uncursed ring of ice
Magical devices
 p - a wand of cold (6)
Scrolls
 d - a scroll of immolation
 h - a scroll of fear
 m - a scroll of identify
 n - 4 scrolls of remove curse
Potions
 c - a potion of degeneration {unknown}
 f - 2 potions of cure mutation
 q - a potion of curing
 r - a potion of ambrosia {unknown}
Miscellaneous
 o - a plain deck of escape {drawn: 4}
Comestibles
 b - 6 bread rations
 g - 2 slices of pizza
 l - 5 chunks of flesh


   Skills:
 + Level 3.7 Fighting
 * Level 2.9 Staves
 + Level 5.0 Dodging
 + Level 2.0 Stealth
 + Level 5.5 Unarmed Combat
 + Level 0.1 Evocations


You had 6 spell levels left.
You didn't know any spells.

Dungeon Overview and Level Annotations

Branches:
Dungeon (5/15)             Temple (1/1) D:5

Altars:
Ashenzari
Dithmenos
Gozag
Makhleb
Nemelex Xobeh
Okawaru
Qazlal
Vehumet
Xom
Yredelemnul
The Shining One

Shops:
D:4 (

Annotations:
D:4 Menkaure
D:5 Chiseanne's ghost, experienced SpTm; Dowan; Duvessa


Innate Abilities, Weirdness & Mutations

You are too large for most types of armour.
You have claws for hands.
Your metabolism is lightning-fast.
You like to eat raw meat.
You heal very quickly.
You are covered in fur (AC +1).
You have very tough skin (AC +2).


Message History

Evoke which item? (* to show all) (? for menu, Esc to quit)
You draw a card...
It is Swap.
You swap places with Dowan.
* * * LOW HITPOINT WARNING * * *
You feel very sick. Chiseanne's ghost barely misses you.
Dowan hits you with a dagger.
* * * LOW HITPOINT WARNING * * *
Chiseanne's ghost closely misses you.
* * * LOW HITPOINT WARNING * * *
You feel very sick.
* * * LOW HITPOINT WARNING * * *
You feel very sick.
Chiseanne's ghost hits you but does no damage.
You are more poisoned.
* * * LOW HITPOINT WARNING * * *
You feel very sick. Chiseanne's ghost barely misses you.
Dowan gestures wildly while chanting.
Dowan blinks!
You die...
Your body disappears without additional glow.

#.##.# #. ####.##.# #.
#)......# #. #.##....#
## #.###...##### ###
#.###............
#....(#.#########
#.####...†.).## ...
#....@.W......... ....
#.####.......###......
#.......# ##..
.......e... ##.
#####.##..### ## #.#
..# # #.# ..# .# # .


You could see Dowan and Chiseanne's ghost.

Vanquished Creatures
  Grinder (D:3)
  Sigmund (D:3)
  An ice beast (D:4)
  A centaur (D:5)
  Crazy Yiuf (D:2)
  2 orc priests (D:3)
  An iguana (D:5)
  A giant frog skeleton (D:5)
  An orc wizard (D:4)
  A worker ant (D:4)
  Terence (D:3)
  An adder (D:2)
  A white imp (D:4)
  An ooze (D:2)
  2 worms
  2 giant geckos
  15 orcs
  A bat zombie (D:5)
  8 goblins
  8 hobgoblins
  6 jackals
  4 kobolds
  A quokka (D:3)
  4 ball pythons
  8 bats
  5 giant newts
  A goblin skeleton (D:4)
  A goblin zombie (D:4)
  2 hobgoblin zombies (D:4)
  A kobold skeleton (D:4)
  2 kobold zombies (D:4)
  3 orc zombies (D:4)
  11 rats
  A plant (D:5)
101 creatures vanquished.

Vanquished Creatures (others)
  An orc (D:3)
  A rat (D:3)
2 creatures vanquished.

Grand Total: 103 creatures vanquished

Notes
Turn   | Place    | Note
--------------------------------------------------------------
     0 | D:1      | kidanger the Troll Monk began the quest for the Orb.
     0 | D:1      | Reached XP level 1. HP: 22/22 MP: 0/0
   223 | D:1      | Reached XP level 2. HP: 27/29 MP: 1/1
   682 | D:2      | Reached XP level 3. HP: 36/36 MP: 2/2
   730 | D:2      | Found a sparkling altar of Nemelex Xobeh.
   746 | D:2      | Became a worshipper of Nemelex Xobeh the Trickster
   746 | D:2      | Received a gift from Nemelex Xobeh
  1103 | D:2      | Noticed Crazy Yiuf
  1163 | D:2      | Killed Crazy Yiuf
  1163 | D:2      | Reached XP level 4. HP: 37/44 MP: 3/3
  1525 | D:3      | Noticed Terence
  1594 | D:3      | Noticed Sigmund
  1598 | D:3      | Killed Terence
  1598 | D:3      | Reached skill level 5 in Unarmed Combat
  1611 | D:3      | Killed Sigmund
  1611 | D:3      | Reached skill level 1 in Staves
  1611 | D:3      | Reached XP level 5. HP: 8/53 MP: 4/4
  1611 | D:3      | Reached XP level 6. HP: 9/61 MP: 5/5
  1758 | D:3      | Noticed Grinder
  1771 | D:3      | Killed Grinder
  1771 | D:3      | Reached XP level 7. HP: 45/67 MP: 6/6
  1787 | D:3      | Found a stormy altar of Qazlal.
  2107 | D:4      | Found a glowing golden altar of the Shining One.
  2256 | D:4      | Found a burning altar of Makhleb.
  2466 | D:4      | Found Aluitoda's Weapon Shoppe.
  2732 | D:4      | Noticed Menkaure
  2734 | D:4      | Found a basalt altar of Yredelemnul.
  2741 | D:4      | Found a shattered altar of Ashenzari.
  2817 | D:5      | Entered Level 5 of the Dungeon
  2886 | D:5      | Received a gift from Nemelex Xobeh
  2900 | D:5      | Found a staircase to the Ecumenical Temple.
  2924 | Temple   | Entered the Ecumenical Temple
  3043 | D:5      | Acquired Nemelex Xobeh's first power
  3156 | D:5      | Found an opulent altar of Gozag.
  3330 | D:5      | Noticed Chiseanne's ghost (experienced SpTm)
  3331 | D:5      | Reached skill level 5 in Dodging
  3333 | D:5      | Noticed Dowan
  3336 | D:5      | Noticed Duvessa
  3349 | D:5      | HP: 2/68 [poisoned by Chiseanne's ghost]
  3350 | D:5      | Succumbed to Chiseanne's ghost's poison

Vault maps used:
D:1:      dpeg_arrival_rhombus, serial_bayou_lagoon_a
D:2:      lemuel_round_altar, uniq_crazy_yiuf_cottage
D:3:      nicolae_qazlal_eye_of_the_storm, uniq_sigmund, uniq_grinder,
          uniq_terence
D:4:      bloody_makhleb, nicolae_tso_besieged_by_evil,
          nicolae_overflow_hidden_temple, serial_shops, shop, first_bread,
          uniq_menkaure
D:5:      grunt_gozag_breadcrumbs, minmay_temple_entry_overgrown, uniq_duvessa
Temple:   circular_temple_6

Action                   |  1- 3 |  4- 6 |  7- 9 || total
-------------------------+-------+-------+-------++-------
Melee: Unarmed           |    94 |       |       ||    94
       Quarterstaff      |       |    41 |   174 ||   215
Evoke: Deck              |       |       |     4 ||     4
  Use: Scroll            |     5 |     1 |     4 ||    10
       Potion            |     5 |       |       ||     5
 Stab: Sleeping          |     1 |       |     2 ||     3
       Paralysed         |       |       |     1 ||     1
  Eat: Chunk             |    14 |     7 |    14 ||    35
